 Dungeon Crawl Stone Soup version 0.22-a0-605-g9281fa2 (webtiles) character file.

421 Mamutox the Cudgeler (level 6, -1/93 HPs)
             Began as a Troll Monk on July 8, 2018.
             Slain by a gnoll
             ... wielding a +0 spear
              (3 damage)
             ... on level 4 of the Dungeon.
             The game lasted 00:08:53 (2985 turns).

Mamutox the Cudgeler (Troll Monk)                   Turns: 2985, Time: 00:08:53

Health: -1/93      AC: 23    Str: 20    XL:     6   Next: 62%
Magic:  5/5        EV:  1    Int:  6    God:
Gold:   108        SH:  0    Dex: 14    Spells: 5/5 levels left

rFire    . . .     SeeInvis .   a - +0 mace
rCold    . . .     Gourm    +   (no shield)
rNeg     + + +     Faith    .   (armour currently unavailable)
rPois    +         Spirit   .   (helmet currently unavailable)
rElec    .         Reflect  .   (cloak currently unavailable)
rCorr    .         Harm     .   (gloves unavailable)
MR       +....     NoTele   +   (boots unavailable)
Stlth    +++.......             (no amulet)
HPRegen  0.65/turn              q - ring of stealth
MPRegen  0.09/turn              k - ring of protection from magic

@: tree-form
A: large, unfitting armour, fast metabolism 3, gourmand, regeneration 1
a: no special abilities


You were on level 4 of the Dungeon.
You were completely stuffed.
You were a tree.
You visited 1 branch of the dungeon, and saw 4 of its levels.

You collected 108 gold pieces.

Inventory:

Hand Weapons
 a - a +0 mace (weapon)
Armour
 b - a +0 robe (melded)
 m - a +0 cloak (melded)
Jewellery
 k - a ring of protection from magic (right branch)
 q - a ring of stealth (left branch)
Wands
 l - a wand of digging (17)
Scrolls
 d - a scroll of remove curse {unknown}
 g - 4 scrolls of identify {unknown}
 n - 2 scrolls of teleportation {unknown}
 p - a scroll of enchant armour {unknown}
 r - a scroll of amnesia {unknown}
Potions
 e - a potion of invisibility {unknown}
 f - a potion of heal wounds {unknown}
 h - a potion of mutation {unknown}
 i - a potion of might {unknown}
 j - a potion of flight {unknown}
 o - a potion of lignification
 s - a potion of ambrosia {unknown}
Comestibles
 c - 5 rations
 t - 5 chunks of flesh


   Skills:
 + Level 3.8 Fighting
 + Level 4.5 Maces & Flails
 + Level 4.1 Dodging
 - Level 1.2 Stealth


You had 5 spell levels left.
You didn't know any spells.
Your spell library was empty.

Dungeon Overview and Level Annotations

Branches:
Dungeon (4/15)
 Temple: D:4-7

Altars:
Cheibriados
Dithmenos
Hepliaklqana
Uskayaw

Annotations:
D:4 Blork the orc


Innate Abilities, Weirdness & Mutations

You are too large for most types of armour.
((You have claws for hands.))
Your metabolism is lightning-fast.
You like to eat raw meat.
Your natural rate of healing is unusually fast.
((You are covered in fur. (AC +1)))
((You have very tough skin. (AC +2)))


Message History

The gnoll barely misses you.
You see here a whip.
You closely miss the gnoll. The gnoll hits you.
* * * LOW HITPOINT WARNING * * *
The gnoll hits you but does no damage. The gnoll barely misses you.
You hit the gnoll.
The gnoll is moderately wounded.
The gnoll hits you.
* * * LOW HITPOINT WARNING * * *
The gnoll hits you but does no damage. The gnoll hits you.
* * * LOW HITPOINT WARNING * * *
The gnoll barely misses you. The gnoll hits you.
* * * LOW HITPOINT WARNING * * *
Unknown command.
It was a potion of lignification.
You turn into a tree.
Your +0 cloak melds into your body.
Your +0 robe melds into your body.
Your roots penetrate the ground.
The gnoll hits you but does no damage.
The gnoll hits you from afar with a spear.
You die...

#....##.........##.#
##.##.##.........##.#
#.....##.........##'#######
#......'...................
#....###................... ....
#..................(....... ....
#.......................... .....
#........#.##.###.......... .....
#....#+#.#♣#...............
...h..##.......#g#...............
......######.###g#...............
........#..#.#..............#####
......#)#....#.#............###
....h......###)#..............#
......#.#....).#..............#
......#.##.#...#..............#
......#.#.........#'#.........#


You could see 2 gnolls.

Vanquished Creatures
  2 scorpions
  A gnoll shaman (D:4)
  An iguana (D:4)
  A worker ant (D:4)
  8 adders
  7 gnolls
  An ooze (D:2)
  An adder zombie (D:4)
  5 worms
  A dart slug (D:4)
  5 leopard geckos
  2 orcs (D:3)
  2 giant cockroaches (D:3)
  7 goblins
  7 hobgoblins
  3 jackals
  7 kobolds
  3 quokkas
  3 ball pythons
  8 bats
  3 frilled lizards
  7 rats
85 creatures vanquished.

Notes
Turn   | Place    | Note
-------+----------+-------------------------------------------
     0 | D:1      | Mamutox the Troll Monk began the quest for the Orb.
     0 | D:1      | Reached XP level 1. HP: 22/22 MP: 0/0
   154 | D:1      | Reached XP level 2. HP: 22/29 MP: 1/1
   847 | D:2      | Reached XP level 3. HP: 23/36 MP: 2/2
  1164 | D:2      | Reached XP level 4. HP: 42/44 MP: 3/3
  1564 | D:3      | Found a snail-covered altar of Cheibriados.
  1574 | D:3      | Noticed an ogre
  1920 | D:2      | Reached XP level 5. HP: 23/53 MP: 4/4
  1981 | D:3      | Found a shadowy altar of Dithmenos.
  1981 | D:3      | Found a hide-covered altar of Uskayaw.
  2076 | D:3      | Found a hazy altar of Hepliaklqana.
  2627 | D:4      | Reached XP level 6. HP: 52/61 MP: 5/5
  2739 | D:4      | Noticed Blork the orc
  2984 | D:4      | HP: 1/62 [gnoll (6)]
  2985 | D:4      | Slain by a gnoll

Vault maps used:
D:1:      dpeg_arrival_arbitrary_c
D:2:      minivault_11, minmay_hexomino_u4
D:3:      cheibriados_altar_1, nicolae_overflow_hidden_temple, first_ration
D:4:      minmay_temple_entry_fiery, minmay_surrounded, uniq_blork_the_orc

Skill      XL: |  1  2  3  4  5  6 |
---------------+-------------------+-----
Maces & Flails | 3 4 |  4.5
Dodging        | 3 4 |  4.1
Fighting       | 3 |  3.8
Stealth        | |  1.2

Action                   |  1- 3 |  4- 6 || total
-------------------------+-------+-------++-------
Melee: Mace              |   117 |   244 ||   361
  Use: Potion            |       |     1 ||     1
 Stab: Sleeping          |     3 |     3 ||     6
  Eat: Chunk             |    15 |    19 ||    34
Armor: Robe              |    58 |    89 ||   147
       Skin              |       |     1 ||     1
Dodge: Dodged            |   100 |   187 ||   287

Table legend:
 A = Spawn XP
 B = Non-spawn XP
 C = Spawn XP percentage of total XP
 D = Spawn monster count
 E = Non-spawn monster count
 F = Spawn count percentage of total count
 G = Total turns spent on level
                    A         B        C        D         E        F      G
               +---------+---------+-------+---------+---------+-------+---------
         Total |       0 |     602 |   0.0 |       0 |      85 |   0.0 |  2985
               +---------+---------+-------+---------+---------+-------+---------
           D:1 |       0 |      31 |   0.0 |       0 |      18 |   0.0 |   743
           D:2 |       0 |     131 |   0.0 |       0 |      29 |   0.0 |  1029
           D:3 |       0 |     186 |   0.0 |       0 |      25 |   0.0 |   750
           D:4 |       0 |     254 |   0.0 |       0 |      13 |   0.0 |   463
               +---------+---------+-------+---------+---------+-------+---------
